 Dungeon Sprint DCSS version 0.21.1-1-g345015f (webtiles) character file.

5682 Melicamp the Quickloader (level 10, -3/83 HPs)
             Began as a Gnoll Wanderer on Apr 7, 2018.
             Was a High Priest of Uskayaw.
             Slain by an orc knight
             ... wielding a +0 great sword
              (23 damage)
             ... in the Dungeon (Sprint IX: "|||||||||||||||||||||||||||||").
             The game lasted 00:11:56 (2268 turns).

Melicamp the Quickloader (Gnoll Wanderer)           Turns: 2268, Time: 00:11:57

Health: -3/83      AC: 19    Str: 16    XL:     10   Next: 75%
Magic:  24/24      EV: 14    Int: 13    God:    Uskayaw [*****.]
Gold:   350        SH:  0    Dex: 18    Spells: 29/29 levels left

rFire    . . .     SeeInvis .   r - +4 rapier (distort)
rCold    . . .     Gourm    .   (no shield)
rNeg     . . .     Faith    .   s - +1 chain mail
rPois    .         Spirit   .   p - +0 helmet
rElec    .         Reflect  .   (no cloak)
rCorr    .         Harm     .   o - +0 pair of gloves
MR       .....     NoTele   +   v - +0 pair of boots
Stlth    ++........             (no amulet)
HPRegen  0.23/turn              c - +2 ring of evasion
MPRegen  0.19/turn              t - +2 ring of protection

@: hasted, very quick
A: distributed training, fangs 1, strong nose
a: Stomp, Line Pass, Grand Finale, Renounce Religion


You were in the Dungeon.
You worshipped Uskayaw.
Uskayaw was aware of your devotion.
You were not hungry.

You visited 1 branch You collected 350 gold pieces.

Inventory:

Hand Weapons
 a - a +2 hand crossbow
 r - a +4 rapier of distortion (weapon)
   (You found it in the Dungeon)
Missiles
 b - 28 bolts
Armour
 o - a +0 pair of gloves (worn)
   (You found it in the Dungeon)
 p - a +0 helmet (worn)
   (You found it in the Dungeon)
 s - a +1 chain mail (worn)
   (You found it in the Dungeon)
 v - a +0 pair of boots (worn)
   (You found it in the Dungeon)
Jewellery
 c - a +2 ring of evasion (left hand)
   (You found it in the Dungeon)
 t - a +2 ring of protection (right hand)
   (You found it in the Dungeon)
Wands
 n - a wand of acid (10)
   (You found it in the Dungeon)
 w - a wand of clouds (6)
   (You took it off Erolcha in the Dungeon)
Scrolls
 e - 4 scrolls of remove curse
 k - 2 scrolls of amnesia
 l - 3 scrolls of blinking
 q - 2 scrolls of identify
Potions
 d - a potion of invisibility
 f - a potion of ambrosia
 g - 9 potions of curing
 h - 2 potions of cancellation
 j - 4 potions of magic
 m - a potion of brilliance
Comestibles
 u - 10 rations


   Skills:
 + Level 9.2 Fighting
 + Level 9.2 Short Blades
 + Level 9.2 Long Blades
 + Level 9.2 Axes
 + Level 9.2 Maces & Flails
 + Level 9.2 Polearms
 + Level 9.2 Staves
 + Level 9.2 Slings
 + Level 9.2 Bows
 + Level 11.1 Crossbows
 + Level 9.2 Throwing
 + Level 10.2 Armour
 + Level 9.2 Dodging
 + Level 10.1 Stealth
 + Level 9.2 Shields
 + Level 9.2 Unarmed Combat
 + Level 10.4 Spellcasting
 + Level 8.0 Conjurations
 + Level 7.6 Hexes
 + Level 7.6 Charms
 + Level 7.6 Summonings
 + Level 7.6 Necromancy
 + Level 7.6 Translocations
 + Level 7.6 Transmutations
 + Level 7.6 Fire Magic
 + Level 7.6 Ice Magic
 + Level 7.6 Air Magic
 + Level 7.6 Earth Magic
 + Level 7.6 Poison Magic
 + Level 10.0 Invocations
 + Level 9.2 Evocations


You had 29 spell levels left.
You didn't know any spells.

Dungeon Overview and Level Annotations

Branches:
Dungeon (1/1)

Altars:
Cheibriados
Dithmenos
Elyvilon
Fedhas
Gozag
Hepliaklqana
Kikubaaqudgha
Makhleb
Nemelex Xobeh
Okawaru
Qazlal
Ru
Sif Muna
Trog
Uskayaw
Vehumet
Wu Jian
Xom
Yredelemnul
Zin
The Shining One
Beogh
Jiyva
Lugonu


Innate Abilities, Weirdness & Mutations

Your experience applies equally to all skills.
You have very sharp teeth.
Your uncanny sense of smell can sniff out nearby items.


Message History

You kill the orc warrior!
The orc warrior hits you with a mace!!
An orc warrior comes into view. It is wielding a long sword.
Aiming: Line Pass
Press: ? - help, Dir - move target cursor, f - you
Okay, then.
You hit the orc warrior.
Space bends around the orc warrior.
The orc warrior is heavily wounded.
The orc warrior hits you from afar with a halberd!
Uskayaw will force your foes to helplessly watch your dance.
Uskayaw prepares the audience for your solo!
The helpless orc warrior fails to defend itself.
You spit the orc warrior like a pig!!!!
You kill the orc warrior!
Your Conjurations skill increases to level 8!
The orc knight is no longer paralysed.
Uskayaw will force your foes to share their pain.
Uskayaw links your audience in an emotional bond!
An orc warrior comes into view. It is wielding a scimitar.
The stone giant is no longer paralysed.
The orc warrior is no longer paralysed. x2
The orc warrior hits you but does no damage.
An orc warrior comes into view. It is wielding a war axe.
There is an open door, spattered with blood here.
Things that are here:
a war axe; a chain mail; 50 gold pieces The orc warrior shouts!
You puncture the orc warrior!
Space bends around the orc warrior.
Your bite misses the orc warrior.
The orc warrior is moderately wounded.
You hear a shout!
The orc warrior is no longer paralysed.
The orc warrior hits you but does no damage.
You hit the orc warrior but do no damage.
Space bends around the orc warrior.
The orc warrior is heavily wounded.
The orc warrior barely misses you.
You hit the orc warrior.
The orc warrior looks slightly unstable.
The orc warrior is severely wounded.
You hit the orc warrior but do no damage.
Space warps horribly around the orc warrior!
You kill the orc warrior!
Your Invocations skill increases to level 10!
You feel yourself speed up.
The stone giant is no longer sharing its pain.
You barely miss the orc warrior.
The orc warrior is lightly wounded.
The orc warrior is no longer sharing its pain.
The orc warrior closely misses you.
You hit the orc warrior but do no damage.
Space warps horribly around the orc warrior!
The orc warrior is severely wounded.
You can now merge with and destroy a victim.
You hit the orc warrior.
Space warps horribly around the orc warrior!
You kill the orc warrior!
The orc knight is no longer sharing its pain.
An orc warrior comes into view. It is wielding a flail of draining.
The orc warrior shouts!
The stone giant hits you!
Items here: $ )) [[ † You hit the stone giant but do no damage.
You bite the stone giant, but do no damage.
The stone giant blinks!
The orc warrior is no longer sharing its pain.
The stone giant hits you.
* * * LOW HITPOINT WARNING * * *
You hit the stone giant but do no damage.
The stone giant looks slightly unstable.
You hit the stone giant but do no damage.
The stone giant blinks!
The orc warrior is no longer sharing its pain.
An orc warrior comes into view. It is wielding a vampiric short sword.
You closely miss the orc knight.
The orc warrior shouts!
Your bite misses the orc knight.
The orc knight is lightly wounded.
The stone giant throws a large rock.
The large rock hits you.
* * * LOW HITPOINT WARNING * * *
You hit the orc knight but do no damage.
Space warps horribly around the orc knight!
The orc knight is moderately wounded.
The orc warrior no longer looks unusually strong. x2
The stone giant disappears!
The orc knight hits you but does no damage.
You hit the orc knight but do no damage.
Your bite misses the orc knight.
The orc knight is moderately wounded.
The orc knight blinks!
You puncture the orc knight!
Space warps horribly around the orc knight!
You bite the orc knight, but do no damage.
The orc knight is heavily wounded.
The orc warrior no longer looks unusually strong.
You hit the orc knight but do no damage.
Space bends around the orc knight.
The orc knight is heavily wounded.
The orc knight hits you with a great sword!!
You die...

∆
∆▓.▓.▓.▓_▓
∆
▓o▓.▓.▓.▓_▓
∆
▓o▓.▓.▓.▓_▓
∆
▓o▓.▓†▓.▓_▓
▓$▓.▓.▓.▓_▓
∆
▓o▓.▓†▓.▓_▓
∆
▓o▓.▓.▓.▓_▓
∆
▓o▓.▓.▓.▓_▓
∆
▓@▓.▓.▓.▓_▓
∆
▓)▓.▓.▓.▓_▓
∆
▓.▓.▓.▓.▓_▓
∆
▓)▓)▓.▓.▓_▓
∆
▓.▓.▓†▓.▓_▓
▓§▓.▓.▓.▓_▓
∆
▓.▓.▓.▓.▓_▓
∆
▓.▓.▓'▓.▓_▓
∆
▓.▓.▓.▓.▓_▓


You could see an orc knight and 5 orc warriors.

Vanquished Creatures
  Erolcha (D)
  A catoblepas (D)
  A death yak (D)
  A gargoyle (D)
  3 spiny frogs (D)
  A komodo dragon (D)
  A hippogriff (D)
  A yak (D)
  3 porcupines (D)
  A water moccasin (D)
  5 orc warriors (D)
  4 crocodiles (D)
  A bullfrog (D)
  A wight (D)
  A howler monkey (D)
  2 crimson imps (D)
  2 orc priests (D)
  2 hounds (D)
  3 orc wizards (D)
  A worm (D)
  A dart slug (D)
  4 orcs (D)
  A bat skeleton (D)
  2 goblins (D)
  A hobgoblin (D)
  A jackal (D)
  A quokka (D)
  A rat (D)
48 creatures vanquished.

Vanquished Creatures (others)
  A death yak (D)
  2 yaks (D)
  2 orc wizards (D)
  An orc (D)
6 creatures vanquished.

Grand Total: 54 creatures vanquished

Notes
Turn   | Place    | Note
-------+----------+-------------------------------------------
     0 | D        | Melicamp the Gnoll Wanderer began the quest for the Orb.
     0 | D        | Melicamp set off with: a +2 hand crossbow, 29 bolts, a +0 ring mail, a scroll of teleportation, a +0 dagger, a ration, a potion of curing, a potion of heal wounds, a potion of haste, 2 potions of magic, a potion of berserk rage, a scroll of blinking
     0 | D        | Reached XP level 1. HP: 13/13 MP: 6/6
     5 | D        | Reached skill level 2 in Conjurations
     9 | D        | Reached skill level 5 in Spellcasting
    11 | D        | Reached skill level 1 in Invocations
    15 | D        | Reached skill level 1 in Fighting
    15 | D        | Reached skill level 1 in Short Blades
    15 | D        | Reached skill level 1 in Long Blades
    15 | D        | Reached skill level 1 in Axes
    15 | D        | Reached skill level 1 in Maces & Flails
    15 | D        | Reached skill level 1 in Polearms
    15 | D        | Reached skill level 1 in Staves
    15 | D        | Reached skill level 1 in Slings
    15 | D        | Reached skill level 1 in Bows
    15 | D        | Reached skill level 1 in Throwing
    15 | D        | Reached skill level 1 in Dodging
    15 | D        | Reached skill level 1 in Shields
    15 | D        | Reached skill level 1 in Unarmed Combat
    15 | D        | Reached skill level 1 in Evocations
    15 | D        | Reached XP level 2. HP: 16/21 MP: 8/8
    98 | D        | Noticed a crimson imp
    98 | D        | Noticed a crimson imp
   111 | D        | Reached skill level 1 in Hexes
   111 | D        | Reached skill level 1 in Charms
   111 | D        | Reached skill level 1 in Summonings
   111 | D        | Reached skill level 1 in Necromancy
   111 | D        | Reached skill level 1 in Translocations
   111 | D        | Reached skill level 1 in Transmutations
   111 | D        | Reached skill level 1 in Fire Magic
   111 | D        | Reached skill level 1 in Ice Magic
   111 | D        | Reached skill level 1 in Air Magic
   111 | D        | Reached skill level 1 in Earth Magic
   111 | D        | Reached skill level 1 in Poison Magic
   118 | D        | Killed a crimson imp
   118 | D        | Reached skill level 2 in Fighting
   118 | D        | Reached skill level 2 in Short Blades
   118 | D        | Reached skill level 2 in Long Blades
   118 | D        | Reached skill level 2 in Axes
   118 | D        | Reached skill level 2 in Maces & Flails
   118 | D        | Reached skill level 2 in Polearms
   118 | D        | Reached skill level 2 in Staves
   118 | D        | Reached skill level 2 in Slings
   118 | D        | Reached skill level 2 in Bows
   118 | D        | Reached skill level 2 in Throwing
   118 | D        | Reached skill level 5 in Armour
   118 | D        | Reached skill level 2 in Dodging
   118 | D        | Reached skill level 2 in Shields
   118 | D        | Reached skill level 2 in Unarmed Combat
   118 | D        | Reached skill level 2 in Invocations
   118 | D        | Reached skill level 2 in Evocations
   118 | D        | Reached XP level 3. HP: 27/27 MP: 9/9
   133 | D        | Reached skill level 7 in Crossbows
   133 | D        | Reached skill level 5 in Stealth
   133 | D        | Reached skill level 3 in Conjurations
   133 | D        | Reached skill level 2 in Hexes
   133 | D        | Reached skill level 2 in Charms
   133 | D        | Reached skill level 2 in Summonings
   133 | D        | Reached skill level 2 in Necromancy
   133 | D        | Reached skill level 2 in Translocations
   133 | D        | Reached skill level 2 in Transmutations
   133 | D        | Reached skill level 2 in Fire Magic
   133 | D        | Reached skill level 2 in Ice Magic
   133 | D        | Reached skill level 2 in Air Magic
   133 | D        | Reached skill level 2 in Earth Magic
   133 | D        | Reached skill level 2 in Poison Magic
   133 | D        | Reached XP level 4. HP: 29/34 MP: 9/11
   186 | D        | Found a roughly hewn altar of Beogh.
   186 | D        | Found a snail-covered altar of Cheibriados.
   186 | D        | Found a shadowy altar of Dithmenos.
   186 | D        | Found a white marble altar of Elyvilon.
   186 | D        | Found a blossoming altar of Fedhas.
   186 | D        | Found an opulent altar of Gozag.
   187 | D        | Found a hazy altar of Hepliaklqana.
   188 | D        | Found a viscous altar of Jiyva.
   189 | D        | Found an ancient bone altar of Kikubaaqudgha.
   190 | D        | Found a corrupted altar of Lugonu.
   191 | D        | Found a burning altar of Makhleb.
   192 | D        | Found a sparkling altar of Nemelex Xobeh.
   193 | D        | Found an iron altar of Okawaru.
   194 | D        | Found a stormy altar of Qazlal.
   310 | D        | Found a sacrificial altar of Ru.
   311 | D        | Found a deep blue altar of Sif Muna.
   312 | D        | Found a bloodstained altar of Trog.
   313 | D        | Found a hide-covered altar of Uskayaw.
   314 | D        | Found a radiant altar of Vehumet.
   315 | D        | Found an ornate altar of the Wu Jian Council.
   316 | D        | Found a shimmering altar of Xom.
   317 | D        | Found a basalt altar of Yredelemnul.
   320 | D        | Found a glowing silver altar of Zin.
   321 | D        | Found a glowing golden altar of the Shining One.
   339 | D        | Became a worshipper of Uskayaw the Reveler
   414 | D        | Noticed a hippogriff
   423 | D        | Reached skill level 3 in Invocations
   427 | D        | Reached * piety under Uskayaw
   435 | D        | Reached skill level 3 in Fighting
   435 | D        | Reached skill level 3 in Short Blades
   435 | D        | Reached skill level 3 in Long Blades
   435 | D        | Reached skill level 3 in Axes
   435 | D        | Reached skill level 3 in Maces & Flails
   435 | D        | Reached skill level 3 in Polearms
   435 | D        | Reached skill level 3 in Staves
   435 | D        | Reached skill level 3 in Slings
   435 | D        | Reached skill level 3 in Bows
   435 | D        | Reached skill level 3 in Throwing
   435 | D        | Reached skill level 3 in Dodging
   435 | D        | Reached skill level 3 in Shields
   435 | D        | Reached skill level 3 in Unarmed Combat
   435 | D        | Reached skill level 6 in Spellcasting
   435 | D        | Reached skill level 3 in Evocations
   435 | D        | Reached XP level 5. HP: 36/41 MP: 11/13
   435 | D        | Reached ** piety under Uskayaw
   441 | D        | Reached *** piety under Uskayaw
   666 | D        | Noticed a yak
   666 | D        | Noticed a gargoyle
   666 | D        | Noticed a vampire
   666 | D        | Noticed a yak
   668 | D        | Banished a yak
   668 | D        | Reached skill level 4 in Fighting
   668 | D        | Reached skill level 4 in Short Blades
   668 | D        | Reached skill level 4 in Long Blades
   668 | D        | Reached skill level 4 in Axes
   668 | D        | Reached skill level 4 in Maces & Flails
   668 | D        | Reached skill level 4 in Polearms
   668 | D        | Reached skill level 4 in Staves
   668 | D        | Reached skill level 4 in Slings
   668 | D        | Reached skill level 4 in Bows
   668 | D        | Reached skill level 4 in Throwing
   668 | D        | Reached skill level 6 in Armour
   668 | D        | Reached skill level 4 in Dodging
   668 | D        | Reached skill level 4 in Shields
   668 | D        | Reached skill level 4 in Unarmed Combat
   668 | D        | Reached skill level 4 in Conjurations
   668 | D        | Reached skill level 3 in Hexes
   668 | D        | Reached skill level 3 in Charms
   668 | D        | Reached skill level 3 in Summonings
   668 | D        | Reached skill level 3 in Necromancy
   668 | D        | Reached skill level 3 in Translocations
   668 | D        | Reached skill level 3 in Transmutations
   668 | D        | Reached skill level 3 in Fire Magic
   668 | D        | Reached skill level 3 in Ice Magic
   668 | D        | Reached skill level 3 in Air Magic
   668 | D        | Reached skill level 3 in Earth Magic
   668 | D        | Reached skill level 3 in Poison Magic
   668 | D        | Reached skill level 4 in Invocations
   668 | D        | Reached skill level 4 in Evocations
   668 | D        | Reached XP level 6. HP: 48/48 MP: 13/15
   675 | D        | Killed a gargoyle
   675 | D        | Reached skill level 5 in Fighting
   675 | D        | Reached skill level 5 in Short Blades
   675 | D        | Reached skill level 5 in Long Blades
   675 | D        | Reached skill level 5 in Axes
   675 | D        | Reached skill level 5 in Maces & Flails
   675 | D        | Reached skill level 5 in Polearms
   675 | D        | Reached skill level 5 in Staves
   675 | D        | Reached skill level 5 in Slings
   675 | D        | Reached skill level 5 in Bows
   675 | D        | Reached skill level 8 in Crossbows
   675 | D        | Reached skill level 5 in Throwing
   675 | D        | Reached skill level 7 in Armour
   675 | D        | Reached skill level 5 in Dodging
   675 | D        | Reached skill level 6 in Stealth
   675 | D        | Reached skill level 5 in Shields
   675 | D        | Reached skill level 5 in Unarmed Combat
   675 | D        | Reached skill level 7 in Spellcasting
   675 | D        | Reached skill level 4 in Hexes
   675 | D        | Reached skill level 4 in Charms
   675 | D        | Reached skill level 4 in Summonings
   675 | D        | Reached skill level 4 in Necromancy
   675 | D        | Reached skill level 4 in Translocations
   675 | D        | Reached skill level 4 in Transmutations
   675 | D        | Reached skill level 4 in Fire Magic
   675 | D        | Reached skill level 4 in Ice Magic
   675 | D        | Reached skill level 4 in Air Magic
   675 | D        | Reached skill level 4 in Earth Magic
   675 | D        | Reached skill level 4 in Poison Magic
   675 | D        | Reached skill level 5 in Invocations
   675 | D        | Reached skill level 5 in Evocations
   675 | D        | Reached XP level 7. HP: 39/56 MP: 14/17
   675 | D        | Reached **** piety under Uskayaw
   679 | D        | Reached skill level 5 in Conjurations
   693 | D        | Banished a yak
   693 | D        | Reached skill level 7 in Stealth
   693 | D        | Reached skill level 6 in Invocations
   693 | D        | Reached ***** piety under Uskayaw
   919 | D        | Noticed a spiny frog
   919 | D        | Noticed a komodo dragon
   923 | D        | Noticed a hippogriff
   930 | D        | Killed a komodo dragon
   930 | D        | Reached skill level 6 in Fighting
   930 | D        | Reached skill level 6 in Short Blades
   930 | D        | Reached skill level 6 in Long Blades
   930 | D        | Reached skill level 6 in Axes
   930 | D        | Reached skill level 6 in Maces & Flails
   930 | D        | Reached skill level 6 in Polearms
   930 | D        | Reached skill level 6 in Staves
   930 | D        | Reached skill level 6 in Slings
   930 | D        | Reached skill level 6 in Bows
   930 | D        | Reached skill level 9 in Crossbows
   930 | D        | Reached skill level 6 in Throwing
   930 | D        | Reached skill level 6 in Dodging
   930 | D        | Reached skill level 6 in Shields
   930 | D        | Reached skill level 6 in Unarmed Combat
   930 | D        | Reached skill level 8 in Spellcasting
   930 | D        | Reached skill level 5 in Hexes
   930 | D        | Reached skill level 5 in Charms
   930 | D        | Reached skill level 5 in Summonings
   930 | D        | Reached skill level 5 in Necromancy
   930 | D        | Reached skill level 5 in Translocations
   930 | D        | Reached skill level 5 in Transmutations
   930 | D        | Reached skill level 5 in Fire Magic
   930 | D        | Reached skill level 5 in Ice Magic
   930 | D        | Reached skill level 5 in Air Magic
   930 | D        | Reached skill level 5 in Earth Magic
   930 | D        | Reached skill level 5 in Poison Magic
   930 | D        | Reached skill level 6 in Evocations
   930 | D        | Reached XP level 8. HP: 64/64 MP: 17/20
   936 | D        | Killed a spiny frog
   936 | D        | Reached skill level 8 in Armour
   936 | D        | Reached skill level 7 in Invocations
   939 | D        | Reached skill level 8 in Stealth
   939 | D        | Reached skill level 6 in Conjurations
   969 | D        | Killed a hippogriff
   970 | D        | Reached XP level 9. HP: 40/71 MP: 21/21
  1125 | D        | Noticed a spiny frog
  1125 | D        | Noticed a black mamba
  1125 | D        | Noticed a spiny frog
  1126 | D        | Reached skill level 7 in Fighting
  1126 | D        | Reached skill level 7 in Short Blades
  1126 | D        | Reached skill level 7 in Long Blades
  1126 | D        | Reached skill level 7 in Axes
  1126 | D        | Reached skill level 7 in Maces & Flails
  1126 | D        | Reached skill level 7 in Polearms
  1126 | D        | Reached skill level 7 in Staves
  1126 | D        | Reached skill level 7 in Slings
  1126 | D        | Reached skill level 7 in Bows
  1126 | D        | Reached skill level 7 in Throwing
  1126 | D        | Reached skill level 7 in Dodging
  1126 | D        | Reached skill level 7 in Shields
  1126 | D        | Reached skill level 7 in Unarmed Combat
  1126 | D        | Reached skill level 7 in Evocations
  1135 | D        | Reached skill level 6 in Hexes
  1135 | D        | Reached skill level 6 in Charms
  1135 | D        | Reached skill level 6 in Summonings
  1135 | D        | Reached skill level 6 in Necromancy
  1135 | D        | Reached skill level 6 in Translocations
  1135 | D        | Reached skill level 6 in Transmutations
  1135 | D        | Reached skill level 6 in Fire Magic
  1135 | D        | Reached skill level 6 in Ice Magic
  1135 | D        | Reached skill level 6 in Air Magic
  1135 | D        | Reached skill level 6 in Earth Magic
  1135 | D        | Reached skill level 6 in Poison Magic
  1142 | D        | Killed a spiny frog
  1142 | D        | Reached skill level 9 in Spellcasting
  1142 | D        | Reached skill level 8 in Invocations
  1143 | D        | Killed a spiny frog
  1143 | D        | Reached skill level 10 in Crossbows
  1143 | D        | Reached skill level 9 in Armour
  1148 | D        | Reached ****** piety under Uskayaw
  1155 | D        | Reached skill level 9 in Stealth
  1215 | D        | Noticed a death yak
  1215 | D        | Noticed a death yak
  1215 | D        | Noticed a death yak
  1216 | D        | Noticed a catoblepas
  1224 | D        | Noticed a death yak
  1227 | D        | Banished a death yak
  1227 | D        | Reached skill level 8 in Fighting
  1227 | D        | Reached skill level 8 in Short Blades
  1227 | D        | Reached skill level 8 in Long Blades
  1227 | D        | Reached skill level 8 in Axes
  1227 | D        | Reached skill level 8 in Maces & Flails
  1227 | D        | Reached skill level 8 in Polearms
  1227 | D        | Reached skill level 8 in Staves
  1227 | D        | Reached skill level 8 in Slings
  1227 | D        | Reached skill level 8 in Bows
  1227 | D        | Reached skill level 8 in Throwing
  1227 | D        | Reached skill level 8 in Dodging
  1227 | D        | Reached skill level 8 in Shields
  1227 | D        | Reached skill level 8 in Unarmed Combat
  1227 | D        | Reached skill level 7 in Conjurations
  1227 | D        | Reached skill level 8 in Evocations
  1236 | D        | HP: 13/74 [yak (11)]
  1249 | D        | HP: 14/74 [death yak (7)]
  1250 | D        | HP: 6/74 [death yak (8)]
  1251 | D        | HP: 1/74 [death yak (5)]
  1261 | D        | Killed a death yak
  1261 | D        | Reached skill level 7 in Hexes
  1261 | D        | Reached skill level 7 in Charms
  1261 | D        | Reached skill level 7 in Summonings
  1261 | D        | Reached skill level 7 in Necromancy
  1261 | D        | Reached skill level 7 in Translocations
  1261 | D        | Reached skill level 7 in Transmutations
  1261 | D        | Reached skill level 7 in Fire Magic
  1261 | D        | Reached skill level 7 in Ice Magic
  1261 | D        | Reached skill level 7 in Air Magic
  1261 | D        | Reached skill level 7 in Earth Magic
  1261 | D        | Reached skill level 7 in Poison Magic
  1261 | D        | Reached skill level 9 in Invocations
  1261 | D        | Reached XP level 10. HP: 28/82 MP: 20/23
  1267 | D        | HP: 6/82 [catoblepas (23)]
  1271 | D        | Killed a catoblepas
  1271 | D        | Reached skill level 10 in Spellcasting
  1663 | D        | Noticed Erolcha
  1692 | D        | Killed Erolcha
  1692 | D        | Reached skill level 9 in Fighting
  1692 | D        | Reached skill level 9 in Short Blades
  1692 | D        | Reached skill level 9 in Long Blades
  1692 | D        | Reached skill level 9 in Axes
  1692 | D        | Reached skill level 9 in Maces & Flails
  1692 | D        | Reached skill level 9 in Polearms
  1692 | D        | Reached skill level 9 in Staves
  1692 | D        | Reached skill level 9 in Slings
  1692 | D        | Reached skill level 9 in Bows
  1692 | D        | Reached skill level 11 in Crossbows
  1692 | D        | Reached skill level 9 in Throwing
  1692 | D        | Reached skill level 10 in Armour
  1692 | D        | Reached skill level 9 in Dodging
  1692 | D        | Reached skill level 9 in Shields
  1692 | D        | Reached skill level 9 in Unarmed Combat
  1692 | D        | Reached skill level 9 in Evocations
  1845 | D        | Noticed an orc high priest
  1855 | D        | Noticed a rust devil
  1857 | D        | Noticed an orange demon
  1857 | D        | Noticed an orange demon
  1867 | D        | Reached skill level 10 in Stealth
  2239 | D        | Noticed a stone giant
  2244 | D        | Noticed an orc knight
  2250 | D        | Reached skill level 8 in Conjurations
  2255 | D        | Reached skill level 10 in Invocations
  2264 | D        | HP: 20/83 [stone giant/large rock (5)]
  2268 | D        | Slain by an orc knight

Skill      XL: |  1  2  3  4  5  6  7  8  9 10 |
---------------+-------------------------------+-----
Conjurations   | 2 3 4 5 6 7 8 |  8.0
Spellcasting   | 5 6 7 8 9 10 | 10.4
Invocations    | 1 2 3 4 5 6 7 9 10 | 10.0
Fighting       | 1 2 3 4 5 6 8 9 |  9.2
Short Blades   | 1 2 3 4 5 6 8 9 |  9.2
Long Blades    | 1 2 3 4 5 6 8 9 |  9.2
Axes           | 1 2 3 4 5 6 8 9 |  9.2
Maces & Flails | 1 2 3 4 5 6 8 9 |  9.2
Polearms       | 1 2 3 4 5 6 8 9 |  9.2
Staves         | 1 2 3 4 5 6 8 9 |  9.2
Slings         | 1 2 3 4 5 6 8 9 |  9.2
Bows           | 1 2 3 4 5 6 8 9 |  9.2
Throwing       | 1 2 3 4 5 6 8 9 |  9.2
Dodging        | 1 2 3 4 5 6 8 9 |  9.2
Shields        | 1 2 3 4 5 6 8 9 |  9.2
Unarmed Combat | 1 2 3 4 5 6 8 9 |  9.2
Evocations     | 1 2 3 4 5 6 8 9 |  9.2
Hexes          | 1 2 3 4 5 7 |  7.6
Charms         | 1 2 3 4 5 7 |  7.6
Summonings     | 1 2 3 4 5 7 |  7.6
Necromancy     | 1 2 3 4 5 7 |  7.6
Translocations | 1 2 3 4 5 7 |  7.6
Transmutations | 1 2 3 4 5 7 |  7.6
Fire Magic     | 1 2 3 4 5 7 |  7.6
Ice Magic      | 1 2 3 4 5 7 |  7.6
Air Magic      | 1 2 3 4 5 7 |  7.6
Earth Magic    | 1 2 3 4 5 7 |  7.6
Poison Magic   | 1 2 3 4 5 7 |  7.6
Armour         | 5 6 7 8 9 10 | 10.2
Crossbows      | 7 8 9 10 11 | 11.1
Stealth        | 5 6 7 8 9 10 | 10.1

Action                   |  1- 3 |  4- 6 |  7- 9 | 10-12 || total
-------------------------+-------+-------+-------+-------++-------
Melee: Dagger            |    24 |       |       |       ||    24
       Bite              |     2 |     6 |    15 |     9 ||    32
       Rapier            |       |    27 |    85 |    71 ||   183
       Lajatang          |       |     9 |       |       ||     9
       Punch             |       |       |     3 |     1 ||     4
 Fire: Hand crossbow     |    14 |       |       |       ||    14
Invok: Stomp             |       |       |     3 |       ||     3
       Line Pass         |       |       |     2 |       ||     2
  Use: Potion            |     1 |       |     8 |     1 ||    10
       Scroll            |       |       |     2 |       ||     2
 Stab: Paralysed         |       |     2 |     8 |     2 ||    12
       Confused          |       |       |     1 |       ||     1
       Petrified         |       |       |     1 |       ||     1
  Eat: Ration            |       |       |     1 |     1 ||     2
Armor: Ring mail         |     8 |       |       |       ||     8
       Chain mail        |       |    32 |    61 |    21 ||   114
Dodge: Dodged            |    18 |    30 |    27 |    21 ||    96

Vault maps used:
D:        linesprint

Table legend:
 A = Turns spent in this place as a percentage of turns spent in the entire game.
 B = Non-inter-level travel turns spent in this place as a percentage of non-inter-level travel turns spent in the entire game.
 C = Inter-level travel turns spent in this place as a percentage of turns spent in this place.
 D = Turns resting spent in this place as a percentage of non-inter-level travel turns spent in this place.
 E = Turns spent auto-exploring this place as a percentage of non-inter-level travel turns spent in this place.
 F = Non-inter-level travel turns spent in this place divided by the number of levels of this place that you've seen.
                   A       B       C       D       E      F
               +-------+-------+-------+-------+-------+----------------------
         Total | 100.0 | 100.0 |   0.0 |  61.2 |   0.0 | 2268.0
       Dungeon | 100.0 | 100.0 |   0.0 |  61.2 |   0.0 | 2268.0
               +-------+-------+-------+-------+-------+----------------------

Table legend:
 A = Kills in this place as a percentage of kills in entire the game.
 B = Kills by you in this place as a percentage of kills by you in the entire game.
 C = Kills by friends in this place as a percentage of kills by friends in the entire game.
 D = Other kills in this place as a percentage of other kills in the entire game.
 E = Experience gained in this place as a percentage of experience gained in the entire game.
 F = Experience gained in this place divided by the number of levels of this place that you have seen.
                   A       B       C       D       E      F
               +-------+-------+-------+-------+-------+----------------------
         Total | 100.0 | 100.0 |   N/A | 100.0 | 100.0 | 8118.0
       Dungeon | 100.0 | 100.0 |   N/A | 100.0 | 100.0 | 8118.0
               +-------+-------+-------+-------+-------+----------------------
